Map: Île des contrebandiers EC

Players

Plug - Winner!

  • Race: Terran Terran
  • League: Gold
  • Spawn Location: 5:00

zidar

  • Race: Zerg Zerg
  • League: Gold
  • Spawn Location: 11:00

VOD

Have the link to the VOD?

Description

Time

  • Played on: Sept. 4, 2017, 12:08 p.m.
  • Length: 6:21
Show
View Real Time Build Order
Export as new Build Order

Plug Terran - Winner!

Build Orders:  

Get SALT Encoding   

  12  0:01  SCV  
  13  0:13  SCV  
  14  0:19  Supply Depot  
  14  0:25  SCV  
  15  0:40  SCV  
  16  0:45  Barracks  
  16  0:53  SCV  
  17  0:59  Refinery  
  17  1:03  Refinery  
  17  1:05  SCV  
  18  1:17  SCV  
  19  1:29  SCV  
  20  1:33  Supply Depot  
  20  1:34  Barracks  
  20  1:36  Marine  
  21  1:44  Orbital Command  
  21  1:55  Factory  
  21  1:59  Marine  
  22  2:17  SCV  
  22  2:21  Supply Depot  
  22  2:22  Marine  
  25  2:30  Barracks Tech Lab, SCV  
  25  2:42  Factory Reactor, SCV  
  26  2:46  Starport  
  26  3:02  Marine  
  26  3:03  Marine  
  28  3:11  Supply Depot  
  28  3:17  SCV  
  29  3:27  Marine x2  
  29  3:30  Medivac x2  
  29  3:32  Factory Tech Lab  
  29  3:33  SCV  
  36  3:39  Supply Depot  
  36  3:45  Marine, SCV  
  36  3:46  Marauder  
  40  3:58  Stimpack  
  40  4:03  Marine  
  40  4:06  Marine  
  42  4:11  Supply Depot  
  42  4:20  Marine  
  42  4:21  Siege Tank  
  46  4:24  Marine  
  47  4:34  Supply Depot  
  47  4:38  Marine  
  47  4:43  Marauder  
  50  4:56  Marine  
  51  5:00  Command Center  
  51  5:04  Marauder  
  53  5:14  Marine  
  53  5:16  Medivac x2  
  58  5:23  Supply Depot  
  58  5:24  Barracks  
  58  5:25  Marauder  
  60  5:32  Marine  
  61  5:38  Siege Tank  
  64  5:47  Marauder  
  64  5:49  Marine  
Show
View Real Time Build Order
Export as new Build Order

zidar Zerg 

Build Orders: Pool First 

Get SALT Encoding   

  12  0:02  Drone  
  13  0:15  Overlord  
  13  0:18  Drone  
  14  0:34  Drone  
  14  0:35  Drone  
  16  0:37  Drone  
  17  0:48  Spawning Pool  
  17  0:49  Drone  
  17  1:13  Hatchery  
  17  1:18  Drone  
  17  1:21  Drone  
  17  1:22  Extractor  
  17  1:34  Queen  
  17  1:39  Overlord  
  19  1:46  Drone  
  20  2:03  Drone  
  21  2:10  Queen  
  23  2:19  Drone x2  
  25  2:28  Overlord  
  24  2:31  Metabolic Boost  
  24  2:35  Drone x2  
  26  2:56  Zergling x2  
  27  2:58  Drone x3  
  27  2:59  Drone x2  
  27  3:01  Overlord  
  32  3:09  Queen  
  34  3:20  Baneling Nest  
  33  3:31  Zergling x2  
  33  3:33  Drone  
  33  3:34  Drone x3  
  36  3:35  Drone x2  
  40  3:45  Overlord  
  40  3:46  Drone x3  
  43  3:58  Extractor  
  42  4:03  Drone x2  
  44  4:10  Lair  
  44  4:17  Hatchery  
  44  4:20  Zergling x16  
  51  4:34  Drone  
  51  4:36  Overlord x2  
  52  4:44  Baneling x4  
  52  5:02  Queen  
  54  5:12  Extractor, Drone  
  54  5:13  Drone x3  
  54  5:14  Drone x3  
  59  5:15  Drone  
  59  5:16  Overlord x3  
  59  5:17  Extractor  
  60  5:32  Evolution Chamber  
  59  5:37  Evolution Chamber  
  59  5:38  Spire, Pneumatized Carapace  
  57  5:47  Drone  
  57  5:48  Drone x9  
Tags
 
Add a new tag
Caveats
  • Supply blocks, unpowered buildings, or Contaminate may cause inaccurate times.
  • Supply counts are checked every 10 seconds.